 Dungeon Crawl Stone Soup version 0.29.1-1-gd02db69 (webtiles) character file.

Game seed: 13242449272419206859

918 Kel the Cleaver (level 8, 0/46 HPs)
             Began as a Gargoyle Berserker on Nov 26, 2022.
             Was an Elder of Trog.
             Slain by a wight
             ... wielding a +4 scimitar of freezing
              (1 damage)
             ... on level 4 of the Dungeon.
             The game lasted 00:07:29 (4957 turns).

Kel the Cleaver (Gargoyle Berserker)                Turns: 4957, Time: 00:07:30

Health: 0/46       AC: 23    Str: 28    XL:     8   Next: 9%
Magic:  0/8        EV:  7    Int:  8    God:    Trog [****..]
Gold:   309        SH:  0    Dex:  9    Spells: 7/7 levels left

rFire   . . .      SeeInvis .   u - +0 war axe
rCold   . . .      Faith    .   (no shield)
rNeg    + . .      Spirit   +   d - +0 plate armour
rPois   ∞          Reflect  .   (no helmet)
rElec   +          Harm     .   (no cloak)
rCorr   .          Rampage  .   j - +2 pair of gloves
Will    .....                   (no boots)
Stlth   ..........              r - amulet of Attitude {Spirit Str+5}
HPRegen 0.15/turn               m - +4 ring of protection
MPRegen 0.11/turn               (no ring)

@: no status effects
A: sickness immunity, AC +5, negative energy resistance 1, electricity
resistance, torment resistance 1, petrification resistance
a: Renounce Religion, Berserk, Trog's Hand, Brothers in Arms


You were on level 4 of the Dungeon.
You worshipped Trog.
Trog was greatly pleased with you.
You visited 1 branch of the dungeon, and saw 5 of its levels.
You also visited: Sewer.

You collected 309 gold pieces.

Inventory:

Hand Weapons
 u - a +0 war axe (weapon)
Armour
 d - a +0 plate armour (worn)
 e - an orb of guile
 j - a +2 pair of gloves (worn)
Jewellery
 m - a +4 ring of protection (left hand)
 r - the amulet of Attitude (around neck) {Spirit Str+5}
   (You found it on level 4 of the Dungeon)

   [amulet of guardian spirit]

   It causes incoming damage to be divided between your reserves of health and
   magic.
   Str:       It affects your strength (+5).
Wands
 p - a wand of iceblast (12)
 q - a wand of flame (16)
Scrolls
 a - a scroll of torment {unknown}
 b - a scroll of teleportation {unknown}
 f - a scroll of brand weapon {unknown}
 o - a scroll of identify {unknown}
 s - 2 scrolls of vulnerability {unknown}
Potions
 c - 4 potions of curing
 g - a potion of haste {unknown}
 h - 4 potions of flight
 i - 2 potions of degeneration {unknown}
 k - a potion of heal wounds {unknown}
 l - a potion of invisibility {unknown}
 n - a potion of berserk rage {unknown}


   Skills:
 - Level 3.2 Fighting
 + Level 8.7 Axes
 - Level 2.1 Armour
 - Level 1.5 Dodging


You had 7 spell levels left.
You didn't know any spells.
Your spell library was empty.

Dungeon Overview and Level Annotations

Branches:
Dungeon (5/15)             Temple (0/1) D:4           Sewer (visited)

Altars:
Dithmenos
Hepliaklqana
Kikubaaqudgha
Nemelex Xobeh
Ru
Zin

Shops:
D:4 :


Innate Abilities, Weirdness & Mutations

You are immune to sickness and miasma.
Your stone body is resilient. (AC +5)
You are immune to poison.
You resist negative energy. (rN+)
You are resistant to electric shocks. (rElec)
You are resistant to unholy torment.
You are immune to petrification.


Message History

The hound attacks as you move away! The hound bites you but does no damage.
The hound barely misses you. The hound bites you but does no damage.
The hound attacks as you move away! The hound barely misses you.
The hound bites you but does no damage.
Things that are here:
a +0 robe; a +0 dagger The wight attacks as you move away!
The wight hits you with a +4 scimitar of freezing.
The wight freezes you. The hound attacks as you move away!
The hound bites you but does no damage.
There is a stone staircase leading up here.
The hound bites you but does no damage. The wight completely misses you.
The hound closely misses you.
You climb upwards.
There is a stone staircase leading down here.
You are too injured to fight recklessly!
You are too injured to fight recklessly!
You are too injured to fight recklessly!
You are too injured to fight recklessly!
You slash the wight!
The wight is almost destroyed.
You barely miss the hound.
The wight hits you with a +4 scimitar of freezing!
The wight freezes you.
* * * LOW HITPOINT WARNING * * *
The hound barely misses you.
You barely miss the wight.
The wight is almost destroyed.
You closely miss the hound. The hound closely misses you.
The wight hits you with a +4 scimitar of freezing.
* * * LOW HITPOINT WARNING * * *
The wight freezes you.
* * * LOW HITPOINT WARNING * * *
The hound bites you but does no damage.
You feel better.
The wight hits you with a +4 scimitar of freezing!
* * * LOW HITPOINT WARNING * * *
The wight freezes you.
You die...

..#.#.###....#......≈≈≈.≈≈≈#
_..............##...≈≈≈.≈≈≈#
..#.#.#................∩...##
.##.#.#..##.........≈≈≈.≈≈≈.#
....#.#.###.......##≈≈≈.≈≈≈.#
.####.#...##.......##≈≈.≈≈#.#
......#....##.....####.##...#
.######........#z÷..#..##.###
.........#....##@h....###.#
..#............#)....###..#
.##......................##
..#........#......##......##
.)........##.....##........#
.......)..##.._....#.......#
..........#....)#.##......##
)..................#....>[.#
............#.............##


You could see a hound and a wight.

Vanquished Creatures
  An ogre (D:4)
  A phantom (D:5)
  2 kobold brigands (Sewer)
  A scorpion (D:4)
  A wight (D:5)
  A jelly (D:5)
  An orc priest (D:3)
  A hound (D:4)
  3 iguanas
  3 orc wizards
  Ijyb (D:4)
  4 gnolls
  4 adders
  3 river rats (Sewer)
  A shadow imp (D:5)
  A white imp (D:4)
  A worm (D:3)
  5 dart slugs
  12 orcs
  8 bats
  5 endoplasms
  3 giant cockroaches
  6 hobgoblins
  6 jackals
  5 quokkas
  7 ball pythons
  5 frilled lizards
  8 goblins
  18 kobolds
  9 rats
127 creatures vanquished.

Vanquished Creatures (others)
  A butterfly (D:5)
1 creature vanquished.

Grand Total: 128 creatures vanquished

Notes
Turn   | Place    | Note
-------+----------+-------------------------------------------
     0 | D:1      | Kel the Gargoyle Berserker began the quest for the Orb.
     0 | D:1      | Reached XP level 1. HP: 14/14 MP: 1/1
    56 | D:1      | Reached skill level 3 in Axes
   211 | D:1      | Found a faded altar of an unknown god.
   257 | D:1      | Reached XP level 2. HP: 15/19 MP: 2/2
   913 | D:1      | Reached XP level 3. HP: 8/23 MP: 3/3
  1358 | D:2      | Reached ** piety under Trog
  1467 | D:2      | Reached skill level 4 in Axes
  1673 | D:2      | Found a glowing silver altar of Zin.
  1944 | D:2      | Identified the +0 ring mail "Byddumor" {rC++}
  2108 | D:3      | Reached XP level 4. HP: 26/28 MP: 4/4
  2194 | D:3      | Reached skill level 5 in Axes
  2215 | D:3      | Reached XP level 5. HP: 30/32 MP: 5/5
  2579 | D:3      | Reached *** piety under Trog
  2987 | D:4      | Found a staircase to the Ecumenical Temple.
  3029 | D:4      | Found a sacrificial altar of Ru.
  3049 | D:4      | Noticed an ogre
  3058 | D:4      | Killed an ogre
  3059 | D:4      | Reached skill level 6 in Axes
  3059 | D:4      | Reached XP level 6. HP: 20/37 MP: 6/6
  3267 | D:4      | Identified the amulet of Attitude {Spirit Str+5}
  3302 | D:4      | Found an ancient bone altar of Kikubaaqudgha.
  3329 | D:4      | Found Xikhli's Self-Improvement Boutique.
  3427 | D:4      | Noticed Ijyb
  3459 | D:4      | Killed Ijyb
  3603 | D:4      | Found a hazy altar of Hepliaklqana.
  3728 | D:4      | Reached skill level 7 in Axes
  3924 | D:5      | Entered Level 5 of the Dungeon
  3924 | D:5      | Found a shadowy altar of Dithmenos.
  3928 | D:4      | Reached XP level 7. HP: 41/41 MP: 7/7
  4326 | D:5      | Found a sparkling altar of Nemelex Xobeh.
  4410 | D:5      | Found a glowing drain.
  4414 | Sewer    | Entered a sewer
  4539 | Sewer    | Reached skill level 8 in Axes
  4637 | Sewer    | Found a white marble altar of Elyvilon.
  4752 | D:5      | Reached **** piety under Trog
  4835 | D:5      | Reached XP level 8. HP: 42/46 MP: 6/8
  4957 | D:4      | HP: 1/46 [wight/+4 scimitar of freezing (10)]
  4957 | D:4      | Slain by a wight

Illustrated notes

Levels and vault maps discovered:
D:1:      giann_forest_graveyard, layout_loops_ring,
          hellmonk_ecumenical_altar_pennies_from_heaven, minmay_tromino_i4
D:2:      layout_basic, basic_altar
D:3:      layout_loops_ring
D:4:      layout_cave_pools, nicolae_ru_sacrificial_ziggurat,
          amcnicky_altar_gilded, overflow_temple_1_default,
          minmay_temple_entry_glassed_door, hangedman_feature_mirror,
          corner_web_ring, nicolae_shop_self_help, uniq_ijyb
D:5:      layout_loops_ring, mainiacjoe_overflow_paths,
          nemelex_xobeh_ov_fountains_minmay, grunt_dithmenos_smoke,
          nicolae_elyvilon_peaceful_grove, gup_sewer_entry_bowl,
          nicolae_shop_firing_range

Skill      XL: |  1  2  3  4  5  6  7 |
---------------+----------------------+-----
Axes           | 3 4 5 6 7 8 |  8.7
Fighting       | |  3.2
Armour         | |  2.1
Dodging        | |  1.5

Action                   |  1- 3 |  4- 6 |  7- 9 || total
-------------------------+-------+-------+-------++-------
Melee: Hand axe          |   154 |   184 |       ||   338
       Punch             |     2 |     2 |     1 ||     5
       War axe           |       |     4 |   119 ||   123
Invok: Berserk           |       |     1 |     1 ||     2
  Use: Potion            |       |       |     2 ||     2
Armor: Animal skin       |    13 |       |       ||    13
       Plate armour      |    96 |   119 |   128 ||   343
Dodge: Dodged            |    67 |    42 |    77 ||   186
Block: Other             |       |    20 |       ||    20
       Reflection        |       |     1 |       ||     1
